 Dungeon Crawl Stone Soup version 0.31-a0-1522-g43313d8a59 (webtiles) character file.

Game seed: 11465823078420824609

166 pokeman the Magician (level 5, -3/29 HPs)
             Began as a Deep Elf Hedge Wizard on Dec 31, 2023.
             Slain by an orc
             ... wielding a +0 antimagic whip
              (5 damage)
             ... on level 3 of the Dungeon.
             The game lasted 00:04:19 (2074 turns).

pokeman the Magician (Deep Elf Hedge Wizard)        Turns: 2074, Time: 00:04:20

Health: -3/29      AC:  2    Str:  7    XL:     5   Next: 22%
Magic:  1/24       EV: 13    Int: 21    God:
Gold:   62         SH:  0    Dex: 14    Spells: 8/16 levels left

rFire   . . .        a - +0 dagger
rCold   . . .        (no shield)
rNeg    . . .        b - +0 robe
rPois   .            c - +0 hat
rElec   .            (no cloak)
rCorr   .            (no gloves)
SInv    .            (no boots)
Will    .....        (no amulet)
Stlth   ++           h - ring of magical power
HPRegen 0.24/turn    (no ring)
MPRegen 0.19/turn

%: no passive effects
@: no status effects
A: no striking features
a: no special abilities


You were on level 3 of the Dungeon.
You visited 1 branch of the dungeon, and saw 3 of its levels.

You collected 62 gold pieces.

Inventory:

Hand Weapons
 a - a +0 dagger (weapon)
Missiles
 k - 2 throwing nets
Armour
 b - a +0 robe (worn)
 c - a +0 hat (worn)
Jewellery
 h - a ring of magical power (left hand)
Scrolls
 e - a scroll of brand weapon {unknown}
 g - a scroll of enchant armour {unknown}
 i - a scroll of poison {unknown}
 j - a scroll of fog {unknown}
Potions
 d - a potion of magic
 f - a potion of might {unknown}


   Skills:
 - Level 1.0 Fighting
 + Level 1.5 Armour
 + Level 3.2 Dodging
 - Level 2.4 Stealth
 * Level 6.1 Spellcasting
 + Level 2.5 Conjurations
 - Level 1.1 Summonings
 - Level 1.1 Translocations


You had 8 spell levels left.
You knew the following spells:

 Your Spells              Type           Power      Damage    Failure   Level
a - Magic Dart            Conj           68%        1d6       3%          1
b - Mephitic Cloud        Conj/Alch/Air  10%        N/A       21%         3
c - Call Imp              Summ           22%        N/A       10%         2
d - Blink                 Tloc           22%        N/A       10%         2

Your spell library contained the following spells:

 Spells                   Type           Power      Damage    Failure   Level
 Slow                     Hex            24%        N/A       10%         1
 Cigotuvi's Dreadful Rot  Necr/Alch/Air  12%        N/A       14%         2
 Ensorcelled Hibernation  Hex/Ice        12%        N/A       14%         2
 Fugue of the Fallen      Necr           6%         N/A       28%         3
 Passwall                 Erth           6%         N/A       28%         3
 Swiftness                Air            6%         N/A       28%         3
 Tukima's Dance           Hex            6%         N/A       28%         3
 Passage of Golubria      Tloc           11%        N/A       52%         4
 Anguish                  Hex/Necr       3%         N/A       67%         4
 Yara's Violent Unravell  Hex/Alch       3%         3d4       95%         5


Dungeon Overview and Level Annotations

Branches:
Dungeon (3/15)

Altars:


Message History

The orc is engulfed in noxious fumes.
The orc appears confused.
The orc hits the orc with a +0 falchion.
The orc is killed!
Unknown command.
You bump into the rock wall.
You are engulfed in noxious fumes.
You choke on the stench!
You are more confused.
The orc barely misses the gnoll.
Unknown command.
The orc hits the orc with a +0 falchion.
Unknown command.
The orc hits the orc but does no damage.
You feel less confused.
The orc is engulfed in noxious fumes.
The orc appears confused.
You hit the orc.
The orc is heavily wounded.
The orc hits you with a +0 falchion.
You hit the orc.
The orc is heavily wounded.
The orc hits you with a +0 falchion.
* * * LOW HITPOINT WARNING * * *
Unknown command.
You catch the helpless orc completely off-guard!
You puncture the orc!
You kill the orc!
Unknown command.
Casting: Mephitic Cloud (quite dangerous; 21% risk of failure)
Confirm with . or Enter, or press ? or * to list all spells.
A tiny devil pulls itself out of the air.
The orc attacks as it pursues you!
The orc hits you with a +0 antimagic whip.
* * * LOW HITPOINT WARNING * * *
You feel your power leaking away.
Your cerulean imp hits the orc but does no damage.
You swap places.
The orc attacks as it pursues you!
The orc hits you with a +0 antimagic whip.
* * * LOW HITPOINT WARNING * * *
Your cerulean imp hits the orc but does no damage.
The orc hits you with a +0 antimagic whip.
You die...

#### #>.# #.# #.<# #.#
#..##### #.# #......#
#.# #.####.# #.# ### #.#
#.##### #.# .!. #.#
#.....###.##.# # ##.#
#####@5g.....#
#.###..########.o###.###
#.....###.....[...##)#
###.......#######..#g#
#..###### ##.#.# #...
#.).#####.# .....
###..)....# .#.....
#.))##.## . ..#... ###†#


You could see a gnoll, an orc (ally target) and a friendly cerulean imp
(summoned).

Vanquished Creatures
  A hound (D:2)
  An orc wizard (D:2)
  3 gnolls (D:3)
  2 adders
  2 dart slugs
  A ribbon worm (D:2)
  5 orcs
  A ball python (D:3)
  5 bats
  6 endoplasms
  A giant cockroach (D:2)
  6 goblins
  7 hobgoblins
  2 quokkas
  4 frilled lizards
  A kobold (D:1)
  6 rats
54 creatures vanquished.

Notes
Turn   | Place    | Note
-------+----------+-------------------------------------------
     0 | D:1      | pokeman the Deep Elf Hedge Wizard began the quest for the
                  | Orb.
     0 | D:1      | Reached XP level 1. HP: 10/10 MP: 7/7
   344 | D:1      | Reached XP level 2. HP: 16/16 MP: 6/9
   900 | D:2      | Reached skill level 5 in Spellcasting
  1015 | D:2      | Reached XP level 3. HP: 20/20 MP: 11/11
  1021 | D:2      | Learned a level 3 spell: Mephitic Cloud
  1024 | D:2      | Learned a level 2 spell: Call Imp
  1027 | D:2      | Learned a level 2 spell: Blink
  1399 | D:2      | Reached skill level 1 in Fighting
  1400 | D:2      | Reached skill level 1 in Armour
  1400 | D:2      | Reached XP level 4. HP: 14/25 MP: 9/13
  1975 | D:3      | Identified the +6 chain mail of Anarchy {Regen+}
  2005 | D:3      | Reached skill level 6 in Spellcasting
  2006 | D:3      | Reached XP level 5. HP: 29/29 MP: 6/15
  2074 | D:3      | Slain by an orc

Illustrated notes

Levels and vault maps discovered:
D:1:      amcnicky_arrival_gap_in_the_tavern_cellar, layout_rooms,
          kennysheep_decorative_pillar
D:2:      layout_loops_ring
D:3:      layout_rooms, hellmonk_ecumenical_altar_heavens_door

Skill      XL: |  1  2  3  4 |
---------------+-------------+-----
Spellcasting   | 5 6 |  6.1
Fighting       | 1 |  1.0
Armour         | 1 |  1.5
Conjurations   | 2 |  2.5
Dodging        | 3 |  3.2
Stealth        | |  2.4
Summonings     | |  1.1
Translocations | |  1.1

Action                     |  1- 3 |  4- 6 || total
---------------------------+-------+-------++-------
  Melee: Dagger            |    10 |    42 ||    52
   Cast: Magic Dart        |    78 |    42 ||   120
         Mephitic Cloud    |     1 |     5 ||     6
         Call Imp          |       |     2 ||     2
   Stab: Confused          |     3 |     3 ||     6
         Sleeping          |       |     1 ||     1
 Armour: Robe              |    12 |    26 ||    38
  Dodge: Dodged            |    18 |    29 ||    47

Table legend: (Time is in decaauts)
 A = Elapsed time spent in this place.
 B = Non-inter-level travel time spent in this place.
 C = Inter-level travel time spent in this place.
 D = Time resting spent in this place.
 E = Time spent auto-exploring this place.
 F = Levels seen in this place.
 G = Mean time per level.
                   A        B        C        D        E       F      G
               +--------+--------+--------+--------+--------+-----+--------+
         Total |   2072 |   2048 |     24 |      0 |   1741 |   3 |  690.7 |
       Dungeon |   2072 |   2048 |     24 |      0 |   1741 |   3 |  690.7 |
               +--------+--------+--------+--------+--------+-----+--------+

Top non-repeatable levels by time:
     D:2: 1101 daAuts
     D:1: 838 daAuts
     D:3: 131 daAuts
